 Dungeon Crawl Stone Soup version 0.26-a0-812-g31a745ddcd (webtiles) character file.

Game seed: 4477248271826020282

28 Dracia the Conjurer (level 2, -3/20 HPs)
             Began as a Draconian Conjurer on Dec 7, 2020.
             Slain by Sigmund
             ... wielding a +0 scythe
              (7 damage)
             ... on level 2 of the Dungeon.
             The game lasted 00:01:16 (1226 turns).

Dracia the Conjurer (Draconian Conjurer)            Turns: 1226, Time: 00:01:16

Health: -3/20      AC:  4    Str:  9    XL:     2   Next: 96%
Magic:  5/5        EV: 12    Int: 18    God:
Gold:   91         SH:  0    Dex:  9    Spells: 5/6 levels left

rFire    . . .     SeeInvis .   a - +0 dagger (curse)
rCold    . . .     Faith    .   (no shield)
rNeg     . . .     Spirit   .   (armour unavailable)
rPois    .         Reflect  .   (helmet restricted)
rElec    .         Harm     .   (no cloak)
rCorr    .         Rampage  .   (no gloves)
MR       .....                  (no boots)
Stlth    ++........             (no amulet)
HPRegen  0.06/turn              (no ring)
MPRegen  0.09/turn              (no ring)

@: no status effects
A: unfitting armour, cold-blooded, AC +4
a: no special abilities


You were on level 2 of the Dungeon.
You visited 1 branch of the dungeon, and saw 2 of its levels.

You collected 91 gold pieces.


Innate Abilities, Weirdness & Mutations

Your plain brown scales are hard. (AC +4)
You cannot fit into any form of body armour.
You are cold-blooded and may be slowed by cold attacks.


   Skills:
 - Level 1.7 Dodging
 - Level 1.7 Stealth
 + Level 2.6 Spellcasting
 * Level 4.5 Conjurations


You had 5 spell levels left.
You knew the following spells:

 Your Spells              Type           Power        Failure   Level
z - Magic Dart            Conj           ###.         2%          1

Your spell library contained the following spells:

 Spells                   Type           Power        Failure   Level
 Searing Ray              Conj           ###...       4%          2
 Dazzling Flash           Conj/Hex       ##....       21%         3
 Fulminant Prism          Conj/Hex       ##........   54%         4
 Iskenderun's Mystic Bla  Conj/Tloc      ##......     54%         4

Inventory:

Hand Weapons
 a - a cursed +0 dagger (weapon)
Scrolls
 b - a scroll of identify {unknown}
 d - 3 scrolls of amnesia {unknown}
 g - 3 scrolls of remove curse {unknown}
 h - a scroll of immolation {unknown}
Potions
 c - 2 potions of lignification {unknown}
 e - a potion of brilliance {unknown}
 f - a potion of attraction {unknown}
 i - a potion of heal wounds {unknown}

Dungeon Overview and Level Annotations

Branches:
Dungeon (2/15)

Altars:
Trog

Annotations:
D:2 Sigmund

#..####...#
..........#
..........#
..........######
...###.........#
...........###.# ..
#........###.# .)..
#.......g....#
.....#......._@####
........#.##...#
....###...###..#
.#............##
..............#
..............+
..............#
##..........###
########...#########


You could see a goblin.


Message History

i - a murky sapphire potion
There is a bloodstained altar of Trog here.
Things that are here:
a dagger; an animal skin A goblin comes into view.
It is wielding a +0 club.
A goblin is nearby!
Found 4 boomerangs.
Sigmund the Dreaded comes into view.
He is wielding a +0 scythe.
Sigmund gestures wildly while chanting.
Sigmund flickers and vanishes!
Deactivating autopickup; reactivate with Ctrl-A.
The goblin shouts!
You are confused.
You bump into the rock wall.
You are more confused.
The goblin hits you but does no damage.
A magic dart appears from out of thin air!
The magic dart hits you!
There is a bloodstained altar of Trog here.
Things that are here:
a dagger; an animal skin You are too confused!
You miss the goblin. The goblin misses you.
You closely miss the goblin. Something hits you!
* * * LOW HITPOINT WARNING * * *
The goblin hits you but does no damage.
You closely miss the goblin. The goblin barely misses you.
You feel less confused. Something hits you!
You die...

Action                   || total
-------------------------++-------
Melee: Dagger            ||    53
       Tailslap          ||     2
 Cast: Magic Dart        ||    26
 Stab: Sleeping          ||     1
Armor: Skin              ||    34
Dodge: Dodged            ||    42

Levels and vault maps discovered:
D:1:      dpeg_arrival_pond, layout_loops_ring, minmay_door_square
D:2:      minmay_general_purpose_star, layout_basic, tso_metal_star,
          bloody_trog, minmay_misc_feat_hallway, uniq_sigmund

Notes
Turn   | Place    | Note
-------+----------+-------------------------------------------
     0 | D:1      | Dracia the Draconian Conjurer began the quest for the Orb.
     0 | D:1      | Reached XP level 1. HP: 14/14 MP: 3/3
   458 | D:1      | Reached XP level 2. HP: 20/20 MP: 3/5
  1183 | D:2      | Found a bloodstained altar of Trog.
  1211 | D:2      | Noticed Sigmund
  1226 | D:2      | Slain by Sigmund

Vanquished Creatures
  An adder (D:2)
  A dart slug (D:1)
  2 giant cockroaches
  A hobgoblin (D:1)
  2 jackals (D:2)
  3 bats (D:1)
  3 frilled lizards (D:1)
  2 goblins
  A kobold (D:1)
  3 rats (D:1)
19 creatures vanquished.

Table legend: (Time is in decaauts)
 A = Elapsed time spent in this place.
 B = Non-inter-level travel time spent in this place.
 C = Inter-level travel time spent in this place.
 D = Time resting spent in this place.
 E = Time spent auto-exploring this place.
 F = Levels seen in this place.
 G = Mean time per level.
                   A        B        C        D        E       F      G
               +--------+--------+--------+--------+--------+-----+--------+
         Total |   1225 |   1206 |     19 |    192 |    853 |   2 |  612.5 |
       Dungeon |   1225 |   1206 |     19 |    192 |    853 |   2 |  612.5 |
               +--------+--------+--------+--------+--------+-----+--------+

Top non-repeatable levels by time:
     D:1: 860 daAuts
     D:2: 364 daAuts

Table legend:
 A = Non-vault XP
 B = Vault XP
 C = Vault XP percentage of total XP
 D = Non-vault monster count
 E = Vault monster count
 F = Vault count percentage of total count
                 A         B        C        D         E       F
            +---------+---------+-------+---------+---------+-------
      Total |      40 |       0 |   0.0 |      19 |       0 |   0.0
            +---------+---------+-------+---------+---------+-------
        D:1 |      19 |       0 |   0.0 |      14 |       0 |   0.0
        D:2 |      21 |       0 |   0.0 |       5 |       0 |   0.0
            +---------+---------+-------+---------+---------+-------
